 Dungeon Crawl Stone Soup version 0.19.1-1-g22dce08 (webtiles) character file.

432 ponk the Covert (level 7, -15/45 HPs)
             Began as an Octopode Assassin on Jan 13, 2017.
             Demolished by an ogre
             ... wielding a +0 giant club
              (27 damage)
             ... on level 5 of the Dungeon.
             The game lasted 00:12:25 (4521 turns).

ponk the Covert (Octopode Assassin)                 Turns: 4521, Time: 00:12:26

Health: -15/45     AC:  1    Str: 10    XL:     7   Next: 0%
Magic:  7/7        EV: 13    Int: 13    God:
Gold:   118        SH:  0    Dex: 16    Spells: 0 memorised, 6 levels left

rFire  . . .     SeeInvis .     a - +2 dagger
rCold  . . .     Gourm    .     (no shield)
rNeg   + . .     Faith    .     (helmet restricted)
rPois  .         Spirit   .     (no amulet)
rElec  .         Reflect  .     g - ring of positive energy
rCorr  .         Harm     .     (no ring)
MR     .....                    (no ring)
Stlth  +++++.....               (no ring)
                                (no ring)
                                (no ring)
                                (no ring)
                                (no ring)

@: no status effects
A: almost no armour, stealthy swim, amphibious, 8 rings, constrict 8, camouflage
1, gelatinous body 1
a: no special abilities


You were on level 5 of the Dungeon.
You were not hungry.

You visited 1 branch of the dungeon, and saw 5 of its levels.

You collected 118 gold pieces.

Inventory:

Hand Weapons
 a - a +2 dagger (weapon)
 b - a +0 blowgun
 o - a +0 dagger of holy wrath
 r - a +2 trident of protection
Missiles
 c - 8 poisoned needles
 d - 2 curare-tipped needles
 p - 8 tomahawks (quivered)
Jewellery
 g - a ring of positive energy (left tentacle)
Scrolls
 e - 3 scrolls of identify
 m - a scroll of amnesia {unknown}
 n - a scroll of remove curse {unknown}
 q - a scroll of teleportation {unknown}
Potions
 h - a potion of heal wounds
 i - a potion of cancellation
 j - a potion of might
Books
 l - a book of Minor Magic

   Spells                             Type                      Level
   a - Magic Dart                     Conjuration                  1
   b - Blink                          Translocation                2
   c - Call Imp                       Summoning                    2
   d - Repel Missiles                 Charms/Air                   2
   e - Slow                           Hexes                        2
   f - Conjure Flame                  Conjuration/Fire             3
   g - Mephitic Cloud                 Conjuration/Poison/Air       3
Comestibles
 f - 7 bread rations


   Skills:
 - Level 2.0 Fighting
 - Level 5.2 Short Blades
 - Level 2.0 Throwing
 - Level 1.0 Dodging
 + Level 8.8 Stealth


You had 6 spell levels left.
You didn't know any spells.

Dungeon Overview and Level Annotations

Branches:
Dungeon (5/15)
 Temple: D:4-7

Altars:

Shops:
D:4 [


Innate Abilities, Weirdness & Mutations

You cannot wear most types of armour.
You are very stealthy in the water. (Stealth+)
You are amphibious.
You can wear up to eight rings at the same time.
You can use your tentacles to constrict eight enemies at once.
Your skin changes colour to match your surroundings (Stealth+).
Your rubbery body absorbs attacks. (AC +1, EV +1)


Message History

You squeeze the worker ant.
You kill the worker ant!
You have reached level 7!
The ogre hits you with a giant club.
* * * LOW HITPOINT WARNING * * *
Found a stone staircase leading down.
Found 17 gold pieces.
A quokka comes into view.
There is a stone staircase leading down here.
You climb downwards.
Found 15 stones.
There is a stone staircase leading up here.
The ogre closely misses you.
As you read the scroll labeled FOUWUE QONLOGG, it crumbles to dust.
The creatures around you are filled with an inner flame!
It was a scroll of immolation.
The ogre closely misses you. The ogre hits you with a giant club!!
Ouch! That really hurt!
You die...

#######.. #........
#......# #......# +....<.#
#####......##+#
############....(.........
#.........................
#........@................
#.......O.................
#.......................#.
############............#.
############.# .#


You could see an ogre (inner flame).

Vanquished Creatures
  An ogre (D:3)
  A phantom (D:4)
  3 worker ants (D:4)
  8 gnolls
  3 adders
  2 oozes
  A worm (D:2)
  A dart slug (D:1)
  A leopard gecko (D:1)
  5 orcs (D:4)
  2 ball pythons
  5 bats
  7 giant cockroaches
  8 goblins
  6 hobgoblins
  3 jackals
  9 kobolds
  4 frilled lizards
  6 rats
  2 plants (D:4)
78 creatures vanquished.

Notes
Turn   | Place    | Note
-------+----------+-------------------------------------------
     0 | D:1      | ponk the Octopode Assassin began the quest for the Orb.
     0 | D:1      | Reached XP level 1. HP: 14/14 MP: 1/1
   164 | D:1      | Reached XP level 2. HP: 18/19 MP: 2/2
   614 | D:1      | Reached XP level 3. HP: 24/24 MP: 3/3
  1204 | D:2      | Reached skill level 6 in Stealth
  1767 | D:3      | Reached XP level 4. HP: 16/29 MP: 4/4
  2450 | D:3      | Noticed an ogre
  2658 | D:3      | Killed an ogre
  2658 | D:3      | Reached XP level 5. HP: 29/34 MP: 5/5
  2819 | D:3      | Reached skill level 5 in Short Blades
  3097 | D:4      | Reached skill level 7 in Stealth
  3097 | D:4      | Reached XP level 6. HP: 39/39 MP: 6/6
  3428 | D:4      | Noticed a phantom
  4012 | D:4      | Found Nimoll's Armour Shoppe.
  4092 | D:4      | Killed a phantom
  4092 | D:4      | Reached skill level 8 in Stealth
  4495 | D:4      | Reached XP level 7. HP: 11/45 MP: 7/7
  4503 | D:5      | Entered Level 5 of the Dungeon
  4521 | D:5      | Demolished by an ogre

Skill      XL: |  1  2  3  4  5  6 |
---------------+-------------------+-----
Short Blades   | 3 4 5 |  5.2
Stealth        | 6 7 8 |  8.8
Fighting       | |  2.0
Throwing       | |  2.0
Dodging        | |  1.0

Action                   |  1- 3 |  4- 6 |  7- 9 || total
-------------------------+-------+-------+-------++-------
Melee: Dagger            |    73 |   269 |       ||   342
       Tentacles         |    12 |    66 |       ||    78
       Constrict         |    15 |    20 |       ||    35
 Fire: Blowgun           |       |     2 |       ||     2
  Use: Scroll            |     3 |       |     1 ||     4
 Stab: Sleeping          |     9 |     8 |       ||    17
       Distracted        |       |     1 |       ||     1
  Eat: Chunk             |     3 |     8 |       ||    11
Armor: Skin              |     6 |     3 |       ||     9
Dodge: Dodged            |    40 |    65 |     2 ||   107
